cohdb
Replays
Latest Replays
All Replays
Popular Replays
Top Player Replays
Match Explorer
How It Works
Community
CoH3 Stats
Reddit
Sign in to upload your games and track your stats! →
Sign in with Steam
Match 47284503
Unlisted
Match 47284503
Overview
Messages
Build Orders
End
Construct Section Command Post
Vickers Machine Gun Team
Dingo Light Scout Car
Selects Canadian Shock Battlegroup
ML 3-inch Mortar Team
Royal Engineer Section
Selects Offensive Resupply
Selects Attacking Spirit
Selects Canadian Shock Section
Canadian Shock Section
Construct Platoon Command Post
Unlock M3 Stuart Light Tanks
M3 Stuart Light Tank
M3 Stuart Light Tank
Canadian Shock Section
Selects Incendiary Munitions
Canadian Shock Section
nojay
Sofia
Theodoruc
Soil
Gnasher
vincent
董
ERKS
0
0
Comments
sign in to comment!
No comments posted yet!